 Dungeon Crawl Stone Soup version 0.27-a0-1245-g940ed4fa31 (webtiles) character file.

Game seed: 7495865495862123403

162 tilp the Caller (level 5, -3/40 HPs)
             Began as a Barachi Summoner on June 9, 2021.
             Killed from afar by an orc wizard (9 damage)
             ... with a puff of flame
             ... on level 3 of the Dungeon.
             The game lasted 00:08:37 (6127 turns).

tilp the Caller (Barachi Summoner)                  Turns: 6127, Time: 00:08:38

Health: -3/40      AC:  3    Str: 11    XL:     5   Next: 43%
Magic:  2/9        EV: 27    Int: 15    God:
Gold:   111        SH:  0    Dex: 12    Spells: 4/10 levels left

rFire    . . .     SeeInvis .   a - +0 dagger
rCold    . . .     Faith    .   (no shield)
rNeg     . . .     Spirit   .   k - +0 leather armour
rPois    .         Reflect  .   (no helmet)
rElec    .         Harm     .   (no cloak)
rCorr    .         Rampage  .   (no gloves)
Will     .....                  (no boots)
Stlth    ++........             n - amulet of the acrobat
HPRegen  0.13/turn              (no ring)
MPRegen  0.11/turn              (no ring)

@: unable to hop, acrobatic, slow
A: amphibious, slowness 1, strong legs 1, +LOS
a: Hop


You were on level 3 of the Dungeon.
You visited 1 branch of the dungeon, and saw 3 of its levels.

You collected 111 gold pieces.

Inventory:

Hand Weapons
 a - a +0 dagger (weapon)
 b - a +0 short sword
 h - a +2 spear of distortion
 r - a +0 trident
Missiles
 f - 7 atropa-tipped darts
 i - 5 poisoned darts (quivered)
Armour
 k - a +0 leather armour (worn)
Jewellery
 d - an amulet of faith
 n - an amulet of the acrobat (around neck)
Wands
 p - a wand of iceblast (8)
Scrolls
 c - a scroll of immolation
 l - a scroll of torment {unknown}
 m - 2 scrolls of enchant armour {unknown}
 o - 2 scrolls of enchant weapon {unknown}
Potions
 e - 2 potions of brilliance
 g - a potion of attraction
 q - a potion of resistance
 s - a potion of cancellation {unknown}


   Skills:
 + Level 2.9 Fighting
 + Level 2.9 Dodging
 + Level 2.4 Stealth
 - Level 3.0 Spellcasting
 - Level 6.0 Summonings


You had 4 spell levels left.
You knew the following spells:

 Your Spells              Type           Power      Damage    Failure   Level
a - Summon Small Mammal   Summ           80%        N/A       2%          1
b - Call Imp              Summ           20%        N/A       3%          2
c - Call Canine Familiar  Summ           20%        N/A       7%          3

Your spell library contained the following spells:

 Spells                   Type           Power      Damage    Failure   Level
 Summon Guardian Golem    Hex/Summ       11%        N/A       22%         3
 Summon Ice Beast         Ice/Summ       11%        N/A       58%         4
 Summon Lightning Spire   Summ/Air       11%        N/A       58%         4


Dungeon Overview and Level Annotations

Branches:
Dungeon (3/15)

Altars:

Shops:
D:1 [

Annotations:
D:3 exclusion: orc priest


Innate Abilities, Weirdness & Mutations

You are amphibious.
You cover ground slowly.
You can hop short distances.
You have an extended range of vision and can be seen from far away.


Message History

Your hound bites your crimson imp but does no damage.
Something hits your hound. Something hits your hound.
The orc closely misses your crimson imp.
Your crimson imp barely misses the orc.
You hit the orc but do no damage. The orc closely misses you.
Your crimson imp hits the orc.
You hit the orc.
The orc is lightly wounded.
The orc hits you with a +0 dagger.
* * * LOW HITPOINT WARNING * * *
Your crimson imp blinks!
Casting: Call Canine Familiar (dangerous; 7% risk of failure)
Confirm with . or Enter, or press ? or * to list all spells.
An orc wizard appears from thin air!
Reactivating autopickup.
The orc hits you with a +0 dagger.
* * * LOW HITPOINT WARNING * * *
Your hound bites the orc.
The orc hits your hound with a +0 dagger.
Your hound bites the orc but does no damage.
Your hound closely misses the orc.
The orc hits your hound with a +0 dagger.
Your hound bites the orc but does no damage.
What are your orders? t - Croak!
Orders for allies: a - Attack new target. r - Retreat! s - Stop attacking. g - Guard the area. f - Follow me.
Anything else - Cancel.
Guard this area!
The orc barely misses your hound.
Your hound bites the orc but does no damage.
Your hound bites the orc but does no damage.
The orc hits your hound with a +0 dagger.
Your hound bites the orc.
The orc dies!
Something hits your hound.
The orc wizard points at you and mumbles some strange words.
The puff of flame hits you!
You die...

#.# ##### #.# ....#############
#.# ................# #.#######
##...[..........# #.......#
#..............#########.†.##.##
##...#>##...†............).....#.
.....#.##÷##############....####.
##...#.##.#.....@......<.#.## #.
.....#.##.#o########....##.#####.
#.#..#.........................5.
.....####h#.#.###.#.....###...##.
.....# #o#.#.# #.#.....# #...###
.....####.#.#.# #.#.....# #...#..
.....oo.o.#.#.###.#.....###...#.#
.###.######.......#.....##.......
...#.# #.#...........##....#.#


You could see an orc wizard.

Vanquished Creatures
  An adder (D:3)
  A dart slug (D:3)
  An orc (D:3)
  5 ball pythons
  3 bats
  3 endoplasms
  2 goblins
  7 hobgoblins
  2 jackals (D:2)
  4 frilled lizards
  9 rats
38 creatures vanquished.

Vanquished Creatures (collateral kills)
  An orc priest (D:3)
  An iguana (D:3)
  5 adders (D:3)
  A worm (D:2)
  A dart slug (D:2)
  3 orcs (D:3)
  5 ball pythons
  3 bats
  7 endoplasms
  2 giant cockroaches (D:1)
  5 hobgoblins
  8 jackals
  3 frilled lizards (D:1)
  4 goblins
  5 kobolds
  3 rats
57 creatures vanquished.

Grand Total: 95 creatures vanquished

Notes
Turn   | Place    | Note
-------+----------+-------------------------------------------
     0 | D:1      | tilp the Barachi Summoner began the quest for the Orb.
     0 | D:1      | Reached XP level 1. HP: 13/13 MP: 3/3
   208 | D:1      | Reached skill level 1 in Fighting
   560 | D:1      | Found Umaboc's Armour Boutique.
   603 | D:1      | Reached XP level 2. HP: 22/22 MP: 0/5
   606 | D:1      | Learned a level 2 spell: Call Imp
  1215 | D:1      | Reached skill level 5 in Summonings
  1562 | D:1      | Reached XP level 3. HP: 24/27 MP: 3/6
  1763 | D:1      | Learned a level 3 spell: Call Canine Familiar
  3266 | D:2      | Reached XP level 4. HP: 33/33 MP: 0/8
  3903 | D:3      | Reached skill level 6 in Summonings
  5090 | D:3      | Reached XP level 5. HP: 22/39 MP: 2/9
  6127 | D:3      | Killed from afar by an orc wizard

Illustrated notes

Levels and vault maps discovered:
D:1:      lightli_arrival_boilingwater, layout_basic, serial_shops, shop,
          minivault_25, serial_park_tiny_pond, minmay_split_cup_small
D:2:      layout_basic
D:3:      minmay_razor_zed, layout_basic

Skill      XL: |  1  2  3  4 |
---------------+-------------+-----
Fighting       | 2 |  2.9
Summonings     | 5 6 |  6.0
Spellcasting   | 3 |  3.0
Stealth        | 2 |  2.4
Dodging        | |  2.9

Action                   |  1- 3 |  4- 6 || total
-------------------------+-------+-------++-------
Melee: Unarmed           |    42 |       ||    42
       Dagger            |   132 |   106 ||   238
Throw: Dart              |       |     1 ||     1
 Cast: Summon Small Mamm |    31 |     1 ||    32
       Call Imp          |    18 |    11 ||    29
       Call Canine Famil |     4 |    16 ||    20
 Abil: Hop               |       |     2 ||     2
  Use: Scroll            |     4 |     3 ||     7
 Stab: Sleeping          |     3 |       ||     3
Armor: Robe              |    36 |       ||    36
       Leather armour    |     1 |    19 ||    20
Dodge: Dodged            |   161 |    89 ||   250

Table legend: (Time is in decaauts)
 A = Elapsed time spent in this place.
 B = Non-inter-level travel time spent in this place.
 C = Inter-level travel time spent in this place.
 D = Time resting spent in this place.
 E = Time spent auto-exploring this place.
 F = Levels seen in this place.
 G = Mean time per level.
                   A        B        C        D        E       F      G
               +--------+--------+--------+--------+--------+-----+--------+
         Total |   6583 |   6399 |    184 |   2440 |   2993 |   3 | 2194.3 |
       Dungeon |   6583 |   6399 |    184 |   2440 |   2993 |   3 | 2194.3 |
               +--------+--------+--------+--------+--------+-----+--------+

Top non-repeatable levels by time:
     D:3: 2464 daAuts
     D:1: 2088 daAuts
     D:2: 2031 daAuts
